 Dungeon Crawl Stone Soup version 0.31.0-11-ge490571c62 (webtiles) character file.

Game seed: 3736825949141783186

15120 Gadfly the Martial Artist (level 11, -12/86 HPs)
             Began as a Demonspawn Monk on Feb 1, 2024.
             Was a Priest of Ru.
             Mangled by a titanic slime creature (40 damage)
             ... on level 12 of the Dungeon.
             The game lasted 00:23:13 (10636 turns).

Gadfly the Martial Artist (Demonspawn Monk)        Turns: 10636, Time: 00:23:14

Health: -12/86     AC:  8    Str: 16    XL:     11   Next: 97%
Magic:  11/11      EV: 15    Int: 10    God:    Ru [***...]
Gold:   899        SH:  0    Dex: 14    Spells: 7/10 levels left

rFire   + . .        b - +11 Screaming Sword {sonic wave}
rCold   + . .        (no shield)
rNeg    . . .        t - +0 steam dragon scales
rPois   .            p - +2 helmet
rElec   .            n - scarf {rC+ rF+}
rCorr   .            (no gloves)
SInv    +            (no boots)
Will    +....        i - amulet of regeneration Stlth
                     h - ring of willpower
HPRegen 1.14/turn    v - ring of see invisible
MPRegen 0.12/turn

%: no passive effects
@: no status effects
A: clumsy 1, dopey 1, powered by death 3, spiny 1, no stealth, no air magic, no
conjurations magic, no hexes magic, big brain 1, demonic touch 2
a: Renounce Religion, Draw Out Power


You were on level 12 of the Dungeon.
You worshipped Ru.
Ru was most pleased with you.
You visited 2 branches of the dungeon, and saw 13 of its levels.

You collected 899 gold pieces.

Inventory:

Hand Weapons
 b - the +11 Screaming Sword (weapon) {sonic wave}
   (You found it on level 5 of the Dungeon)
 z - a +4 hand axe
Armour
 n - a scarf of resistance (worn)
 p - a +2 helmet (worn)
 t - +0 steam dragon scales (worn)
 J - a +2 robe of willpower
Jewellery
 f - a ring of ice
 h - a ring of willpower (left hand)
 i - an amulet of regeneration (around neck)
 v - a ring of see invisible (right hand)
 I - a ring of poison resistance
Talismans
 a - the serpent talisman "Qeonetuc" {Will+ rCorr}
   (You found it on level 6 of the Dungeon)

   [serpent talisman]

   Will+:     It increases your willpower.
   rCorr:     It protects you from acid and corrosion.
 F - a blade talisman
Wands
 c - a wand of iceblast (4)
 x - a wand of flame (22) (quivered)
 y - a wand of light (15)
 A - a wand of polymorph (3)
 C - a wand of charming (18)
 D - a wand of mindburst (10)
Scrolls
 d - 5 scrolls of teleportation
 l - 2 scrolls of blinking
 m - a scroll of poison
 o - 2 scrolls of enchant armour
 r - a scroll of vulnerability
 B - 2 scrolls of fear
 E - 2 scrolls of revelation
 H - 2 scrolls of identify
Potions
 e - a potion of might
 g - 2 potions of haste
 j - 2 potions of berserk rage
 k - 2 potions of curing
 q - 8 potions of ambrosia
 s - 2 potions of lignification
 u - a potion of heal wounds
 G - a potion of attraction


   Skills:
 * Level 8.3 Fighting
 + Level 8.0 Dodging
 + Level 9.7 Unarmed Combat
 - Level 8.2 Evocations
 + Level 8.2 Shapeshifting


You had 7 spell levels left.
You knew the following spells:

 Your Spells              Type           Power      Damage    Failure   Level
a - Blink                 Tloc           0%         N/A       50%         2
b - Apportation           Tloc           0%         N/A       36%         1

Your spell library contained the following spells:

 Spells                   Type           Power      Damage    Failure   Level
 Necrotise                Necr           0%         1d4       36%         1
 Summon Small Mammal      Summ           0%         N/A       36%         1
 Call Imp                 Summ           0%         N/A       50%         2
 Summon Ice Beast         Ice/Summ       0%         N/A       75%         3
 Animate Dead             Necr           0%         N/A       98%         4
 Dispel Undead            Necr           0%         3d6       98%         4
 Martyr's Knell           Necr/Summ      0%         N/A       98%         4
 Olgreb's Toxic Radiance  Alch           0%         N/A       98%         4
 Borgnjor's Vile Clutch   Necr/Erth      0%         N/A       100%        5
 Death Channel            Necr           0%         N/A       100%        6
 Monstrous Menagerie      Summ           0%         N/A       100%        7
 Magic Dart               Conj           Unusable   1d3       N/A         1
 Sting                    Conj/Alch      Unusable   1d3       N/A         1
 Cigotuvi's Dreadful Rot  Necr/Alch/Air  Unusable   N/A       N/A         2
 Mercury Vapours          Alch/Air       Unusable   N/A       N/A         2
 Summon Mana Viper        Hex/Summ       Unusable   N/A       N/A         5

Dungeon Overview and Level Annotations

Branches:
Dungeon (12/15)            Temple (1/1) D:5            Lair (0/5) D:8
    Orc (0/2) D:12

Altars:
Ashenzari
Cheibriados
Dithmenos
Fedhas
Gozag
Hepliaklqana
Kikubaaqudgha
Makhleb
Nemelex Xobeh
Okawaru
Qazlal
Ru
Sif Muna
Trog
Uskayaw
Vehumet
Wu Jian
Xom
Yredelemnul

Shops:
D:2 =   D:4 [   D:11 [

Annotations:
D:6 3 runed translucent doors, SnakkuSnakku7's ghost, novice MfAE
D:7 2 transporters, AutarchDCSS's ghost, novice BaCj


Innate Abilities, Weirdness & Mutations

You are clumsy. (Dex -2)
You are dopey. (Int -2)
You regenerate a lot of health from kills.
You are partially covered in sharp spines.
You cannot be stealthy.
You cannot study or cast Air magic.
You cannot study or cast Conjurations magic.
You cannot study or cast Hexes magic.
You have an unusually large brain. (Int +2)
Your touch may inflict irresistible damage on your foes.


Message History

A manticore is nearby!
A manticore is nearby!
A slime creature comes into view.
The slime creature quivers.
You redirect the manticore's attack!
The manticore flicks its tail.
The volley of spikes skewers the slime creature! 3 slime creatures come into view.
The large slime creature quivers.
The slime creature quivers. x3
The manticore is stunned by your conviction and fails to attack.
The slime creature moves out of view.
You hit the manticore.
You touch the manticore!
The manticore is moderately wounded.
Two slime creatures merge to form a large slime creature.
The manticore barely misses you. x2; The manticore claws you.
You hit the manticore.
The Screaming Sword bellows, "NONE SHALL BE SPARED!"
You send a blast of sound all around you.
The large slime creature is moderately wounded.
The slime creature is moderately wounded.
The large slime creature is moderately wounded.
The slime creature is heavily wounded.
The manticore is heavily wounded. x2
You hear an angry buzzing noise.
You hear a bellow! x3; You hear a shout! x7
Two slime creatures merge to form an enormous slime creature.
The manticore bites you!! The manticore misses you. The manticore claws you.
Two slime creatures merge to form a titanic slime creature.
The manticore bites you!
The manticore claws you but does no damage.
The manticore closely misses you.
You slash the slime creature!
The Screaming Sword shouts, "EVERYTHING FAILS!
EVERYTHING!!!"
You send a blast of sound all around you.
The titanic slime creature is moderately wounded.
You kill the slime creature!
The manticore is heavily wounded.
You hear an angry buzzing noise.
You hear a bellow!
The manticore bites you! The manticore claws you. x2
The titanic slime creature is struck by your spines.
The titanic slime creature hits you!!!
You die...

######### ##...#...##
.....# ##.........##
.......##...........#
#......(...#...........#
#..........#...........#
#..........##..H.J....#
#..........# #..@#
...........#####.####...
......................#
...........####..####.#
...........##.####
.............##
..........####
..#......## ..##.....#


You could see a titanic slime creature and a manticore.

Vanquished Creatures
  Gastronok (D:11)
  Josephine (D:10)
  A centaur warrior (D:11)
  A boulder beetle (D:12)
  3 two-headed ogres
  Lodul (D:10)
  An ugly thing (D:9)
  2 manticores
  A gargoyle (D:11)
  4 unseen horrors
  A komodo dragon (D:11)
  A queen bee (D:9)
  A slime creature (D:12)
  2 shadows
  Sigmund (D:4)
  A vampire (D:10)
  2 water elementals (D:11)
  3 wraiths (D:10)
  3 yaks (D:10)
  A basilisk (D:12)
  A steam dragon (D:9)
  Duvessa (D:5)
  2 orc warriors
  A sky beast (D:8)
  3 ice beasts
  3 black bears
  8 ogres
  2 centaurs
  2 kobold brigands
  5 bullfrogs
  A gnoll sergeant (D:9)
  6 scorpions
  Dowan (D:5)
  16 wights
  26 killer bees
  2 howler monkeys (D:9)
  A hound (D:6)
  2 jellies
  2 orc priests
  A sleepcap (D:6)
  3 iguanas
  9 orc wizards
  8 adders
  9 gnolls
  4 shadow imps
  A white imp (D:6)
  2 ufetubi (D:7)
  3 ribbon worms
  A dart slug (D:1)
  43 orcs
  7 endoplasms
  3 goblins (D:2)
  7 hobgoblins
  6 jackals
  3 quokkas
  6 ball pythons
  11 bats
  A frilled lizard (D:1)
  12 kobolds
  5 rats
262 creatures vanquished.

Vanquished Creatures (others)
  A bombardier beetle (D:5)
1 creature vanquished.

Grand Total: 263 creatures vanquished

Notes
Turn   | Place    | Note
-------+----------+-------------------------------------------
     0 | D:1      | Gadfly the Demonspawn Monk began the quest for the Orb.
     0 | D:1      | Reached XP level 1. HP: 18/18 MP: 1/1
   673 | D:2      | Gained mutation: You regenerate a little health from kills.
                  | [demonic ancestry]
   673 | D:2      | Reached XP level 2. HP: 20/24 MP: 2/2
   748 | D:2      | Found an iron altar of Okawaru.
   795 | D:2      | Reached skill level 1 in Evocations
   954 | D:2      | Reached skill level 3 in Unarmed Combat
   976 | D:2      | Found Nompamih's Jewellery Boutique.
  1270 | D:1      | Reached skill level 1 in Shapeshifting
  1270 | D:1      | Gained mutation: You are partially covered in sharp spines.
                  | [demonic ancestry]
  1270 | D:1      | Reached XP level 3. HP: 7/29 MP: 3/3
  1560 | D:2      | Gained mutation: You regenerate health from kills. [demonic
                  | ancestry]
  1560 | D:2      | Reached XP level 4. HP: 16/35 MP: 4/4
  2317 | D:3      | Reached XP level 5. HP: 40/41 MP: 5/5
  2658 | D:4      | Found Kugoe's Armour Emporium.
  2698 | D:4      | Reached skill level 4 in Unarmed Combat
  2779 | D:4      | Gained mutation: Your touch may inflict minor irresistible
                  | damage on your foes. [demonic ancestry]
  2779 | D:4      | Reached XP level 6. HP: 47/47 MP: 6/6
  2848 | D:4      | Noticed Sigmund
  2861 | D:4      | Killed Sigmund
  3374 | D:5      | Entered Level 5 of the Dungeon
  3374 | D:5      | Noticed Duvessa
  3374 | D:5      | Noticed Dowan
  3402 | D:5      | Noticed an ice beast
  3415 | D:5      | Killed an ice beast
  3416 | D:5      | Reached XP level 7. HP: 52/52 MP: 7/7
  3564 | D:5      | Killed Duvessa
  3582 | D:5      | Killed Dowan
  3583 | D:5      | Reached skill level 5 in Unarmed Combat
  3619 | D:5      | Learned a level 2 spell: Blink
  3686 | D:5      | Found a hide-covered altar of Uskayaw.
  3691 | D:5      | Found a staircase to the Ecumenical Temple.
  3703 | Temple   | Entered the Ecumenical Temple
  3715 | Temple   | Became a worshipper of Ru the Awakened
  3735 | Temple   | Gained mutation: You cannot study or cast Air magic. [Ru
                  | sacrifice]
  3735 | Temple   | Gained mutation: You cannot study or cast Hexes magic. [Ru
                  | sacrifice]
  3735 | Temple   | Gained mutation: You cannot study or cast Conjurations
                  | magic. [Ru sacrifice]
  3735 | Temple   | Reached * piety under Ru
  4037 | D:5      | Found the +11 Singing Sword {sonic wave}
  4053 | D:5      | Reached XP level 8. HP: 56/58 MP: 8/8
  4276 | D:6      | Reached skill level 5 in Evocations
  4457 | D:6      | Found a burning altar of Makhleb.
  4462 | D:6      | Reached skill level 6 in Unarmed Combat
  4736 | D:6      | Found a runed translucent gate.
  4736 | D:6      | Noticed SnakkuSnakku7's ghost (novice MfAE)
  4736 | D:6      | Identified the +0 chain mail of Juaffeu {Str+2 Int+3 Dex+3}
  4737 | D:6      | Found a runed translucent gate.
  4738 | D:6      | Found a runed translucent gate.
  4896 | D:6      | Identified the serpent talisman "Qeonetuc" {Will+ rCorr}
  5145 | D:6      | Identified the +8 war axe of Wrongful Imprisonment
                  | {protect, rElec rC+ Str-5}
  5316 | D:7      | Found a transporter.
  5317 | D:7      | Noticed a boulder beetle
  5320 | D:7      | Noticed AutarchDCSS's ghost (novice BaCj)
  5473 | D:7      | Found a transporter.
  5501 | D:7      | Gained mutation: Your touch may inflict irresistible damage
                  | on your foes. [demonic ancestry]
  5501 | D:7      | Reached XP level 9. HP: 49/63 MP: 9/9
  5563 | D:7      | Reached skill level 5 in Dodging
  5563 | D:7      | Reached skill level 5 in Shapeshifting
  5565 | D:7      | Gained mutation: You cannot be stealthy. [Ru sacrifice]
  5565 | D:7      | Reached ** piety under Ru
  5762 | D:7      | Learned a level 1 spell: Apportation
  6395 | D:7      | Reached skill level 7 in Unarmed Combat
  6502 | D:8      | Found a staircase to the Lair.
  6587 | D:8      | Found a shimmering blue altar of Sif Muna.
  6953 | D:8      | Found a hazy altar of Hepliaklqana.
  7385 | D:9      | Noticed a green ugly thing
  7403 | D:9      | Killed a green ugly thing
  7416 | D:9      | Gained mutation: You regenerate a lot of health from kills.
                  | [demonic ancestry]
  7416 | D:9      | Reached XP level 10. HP: 68/70 MP: 10/10
  7540 | D:9      | Found a snail-covered altar of Cheibriados.
  7614 | D:9      | Gained mutation: You are dopey. (Int -2) [Ru sacrifice]
  7665 | D:9      | Reached skill level 8 in Unarmed Combat
  7909 | D:10     | Entered Level 10 of the Dungeon
  8126 | D:10     | Found a radiant altar of Vehumet.
  8142 | D:10     | Noticed Josephine
  8152 | D:10     | Killed Josephine
  8153 | D:10     | Reached skill level 5 in Fighting
  8778 | D:10     | Noticed a two-headed ogre
  8782 | D:10     | Killed a two-headed ogre
  8783 | D:10     | Gained mutation: You have an unusually large brain. (Int
                  | +2) [demonic ancestry]
  8783 | D:10     | Reached XP level 11. HP: 52/80 MP: 11/11
  9062 | D:10     | Found a stormy altar of Qazlal.
  9070 | D:10     | Reached skill level 9 in Unarmed Combat
  9119 | D:10     | Noticed Lodul
  9126 | D:10     | Killed Lodul
  9151 | D:10     | Found an opulent altar of Gozag.
  9229 | D:11     | Noticed a centaur warrior
  9290 | D:11     | Killed a centaur warrior
  9377 | D:11     | Noticed a two-headed ogre
  9379 | D:11     | Killed a two-headed ogre
  9397 | D:11     | Found Waeny Imash's Antique Armour Shoppe.
  9476 | D:11     | Noticed Gastronok
  9499 | D:11     | Killed Gastronok
  9819 | D:11     | Identified the +9 quarterstaff of Upheaval {freeze, rC+}
 10028 | D:11     | Gained mutation: You are clumsy. (Dex -2) [Ru sacrifice]
 10028 | D:11     | Reached *** piety under Ru
 10425 | D:12     | Noticed a boulder beetle
 10438 | D:12     | Killed a boulder beetle
 10520 | D:12     | Found a staircase to the Orcish Mines.
 10601 | D:12     | Noticed a two-headed ogre
 10606 | D:12     | Killed a two-headed ogre
 10636 | D:12     | Mangled by a titanic slime creature

Illustrated notes

Levels and vault maps discovered:
D:1:      spicycebolla_green_bress_n_ham, layout_loops_ring
D:2:      layout_loops_cross, serial_shops, shop, basic_altar,
          kennysheep_generic_room_3
D:3:      layout_basic
D:4:      layout_loops_corners, serial_shops, nicolae_shop_real_fake_doors,
          uniq_sigmund
D:5:      old_forge, layout_cave_pools, eat_drink_and_be_merry_uskayaw,
          minmay_temple_entry_overgrown, uniq_duvessa
D:6:      layout_rooms, lemuel_doored_altar, mainiacjoe_overflow_boulevard,
          biasface_ghost_orc_armoury, moated_statue, minivault_5,
          grunt_decor_cap
D:7:      layout_layer_cave, gammafunk_ghost_arena
D:8:      layout_basic, nicolae_hepliaklqana_hippocampus,
          mainiacjoe_overflow_alcove_4, lair_entry_dummy
D:9:      layout_roguey, cheibrodos_worm_habitat, special_room
          [special_room_bee]
D:10:     layout_loops_ring, fiery_altar_vehumet, mainiacjoe_overflow_two_lobes,
          uniq_lodul, uniq_josephine
D:11:     layout_basic, serial_shops, shop, uniq_gastronok
D:12:     due_megacathedral, layout_rooms, orc_0_dummy
Temple:   nicolae_temple_figure_eight

Skill      XL: |  1  2  3  4  5  6  7  8  9 10 11 |
---------------+----------------------------------+-----
Evocations     | 1 2 3 4 6 7 8 |  8.2
Unarmed Combat | 3 4 5 6 7 8 9 |  9.7
Shapeshifting  | 1 2 3 4 6 7 8 |  8.2
Dodging        | 3 4 5 6 8 |  8.0
Fighting       | 5 8 |  8.3

Action                     |  1- 3 |  4- 6 |  7- 9 | 10-12 || total
---------------------------+-------+-------+-------+-------++-------
  Melee: Unarmed           |    98 |   131 |   291 |   147 ||   667
         Touch             |       |     3 |    74 |    50 ||   127
         Punch             |       |       |    21 |     7 ||    28
         Double sword      |       |       |       |    83 ||    83
 Invoke: Sacrifice Arcana  |       |       |     1 |       ||     1
         Sacrifice Stealth |       |       |     1 |       ||     1
         Sacrifice Purity  |       |       |       |     2 ||     2
  Evoke: Wand              |       |       |       |     1 ||     1
    Use: Scroll            |     5 |     5 |    10 |       ||    20
         Potion            |       |       |     2 |       ||     2
   Stab: Sleeping          |       |       |     1 |       ||     1
         Distracted        |       |       |       |     1 ||     1
         Invisible         |       |       |       |     1 ||     1
 Armour: Robe              |    52 |    63 |   185 |    53 ||   353
         Steam dragon scal |       |       |       |   152 ||   152
  Dodge: Dodged            |    69 |    82 |   173 |   180 ||   504
